 Dungeon Crawl Stone Soup version 0.20.1-1-g8b1a95d66d (webtiles) character file.

140 ErikD the Cudgeler (level 5, 0/46 HPs)
             Began as a Hill Orc Monk on Dec 25, 2017.
             Slain by a jackal (1 damage)
             ... on level 2 of the Dungeon.
             The game lasted 00:05:58 (2032 turns).

ErikD the Cudgeler (Hill Orc Monk)                  Turns: 2032, Time: 00:05:58

Health: 0/46       AC:  4    Str: 18    XL:     5   Next: 22%
Magic:  5/5        EV: 13    Int: 12    God:
Gold:   153        SH:  0    Dex: 14    Spells: 4/4 levels left

rFire    . . .     SeeInvis .   a - +0 mace
rCold    . . .     Gourm    .   (no shield)
rNeg     . . .     Faith    .   b - +0 robe
rPois    .         Spirit   .   (no helmet)
rElec    .         Reflect  .   p - +0 cloak
rCorr    .         Harm     .   (no gloves)
MR       .....                  n - +0 pair of boots
Stlth    ++........             (no amulet)
Regen    0.2/turn               e - +4 ring of strength
MPRegen  0.1/turn               l - +2 ring of intelligence

@: no status effects
A: no striking features
a: no special abilities


You were on level 2 of the Dungeon.
You were not hungry.

You visited 1 branch of the dungeon, and saw 3 of its levels.

You collected 153 gold pieces.

Inventory:

Hand Weapons
 a - a +0 mace (weapon)
Missiles
 f - 48 stones (quivered)
Armour
 b - a +0 robe (worn)
 n - a +0 pair of boots (worn)
 p - a +0 cloak (worn)
Magical Staves
 j - an uncursed staff of conjuration {unknown}
Jewellery
 e - a +4 ring of strength (left hand)
 l - a +2 ring of intelligence (right hand)
Scrolls
 k - a scroll of recharging {unknown}
 o - a scroll of fog {unknown}
 q - a scroll of immolation {unknown}
 s - a scroll of enchant armour {unknown}
 t - 3 scrolls of identify
Potions
 d - 2 potions of flight {unknown}
 g - a potion of cancellation {unknown}
 h - a potion of lignification {unknown}
 m - 2 potions of mutation {unknown}
 u - a potion of might
Comestibles
 c - a bread ration
 i - 2 chunks of flesh
 r - 3 royal jellies


   Skills:
 + Level 4.2 Fighting
 + Level 4.7 Maces & Flails
 + Level 0.1 Throwing
 + Level 3.2 Dodging
 + Level 2.3 Stealth


You had 4 spell levels left.
You didn't know any spells.

Dungeon Overview and Level Annotations

Branches:
Dungeon (3/15)

Altars:

Annotations:
D:3 tehanu's ghost, novice MiBe


Message History

Natasha stares at you and mumbles some strange words.
The magic dart hits you!
* * * LOW HITPOINT WARNING * * *
The white imp shouts, "Begone, thou horrid toad-spotted mammet!"
An adder comes into view.
You hit Natasha.
You kill Natasha!
You feel Natasha's spirit has finally been put to rest.
The white imp disappears in a puff of smoke!
The adder moves out of view.
A jackal comes into view.
The jackal barks!
You hit the jackal.
The jackal is almost dead.
The jackal closely misses you. The jackal bites you.
* * * LOW HITPOINT WARNING * * *
You hit the jackal but do no damage.
The jackal is almost dead.
The jackal bites you.
You die...

#
#####################.#..
..............@..........
##################h#.....
############..)@hhS.....
#............#####......
#............#
#(.........#
#............#
#..........#
#............#
#..........#
#............#
#..........#
#............#
#...$......#
#............#
#........@.#
####'#)###'.###
#.$........#


You could see an adder and 3 jackals.

Vanquished Creatures
  Natasha (thrice) (D:2)
  Jessica (D:2)
  5 bats
  2 giant cockroaches (D:1)
  8 goblins
  8 hobgoblins
  A quokka (D:3)
  A ball python (D:1)
  A frilled lizard (D:1)
  2 kobolds (D:1)
  5 rats
37 creatures vanquished.

Notes
Turn   | Place    | Note
-------+----------+-------------------------------------------
     0 | D:1      | ErikD the Hill Orc Monk began the quest for the Orb.
     0 | D:1      | Reached XP level 1. HP: 19/19 MP: 1/1
   454 | D:1      | Reached XP level 2. HP: 27/27 MP: 2/2
   754 | D:1      | Reached XP level 3. HP: 29/33 MP: 3/3
   884 | D:2      | Noticed Jessica
   964 | D:3      | Noticed tehanu's ghost (novice MiBe)
  1212 | D:2      | Noticed Natasha
  1223 | D:2      | Killed Natasha
  1223 | D:2      | Reached XP level 4. HP: 3/40 MP: 4/4
  1668 | D:2      | Noticed Natasha
  1683 | D:2      | Killed Natasha
  1955 | D:2      | Noticed Natasha
  1972 | D:2      | Killed Jessica
  1972 | D:2      | Reached XP level 5. HP: 26/46 MP: 5/5
  2029 | D:2      | HP: 1/46 [Natasha/magic dart (4)]
  2030 | D:2      | Killed Natasha
  2032 | D:2      | Slain by a jackal

Skill      XL: |  1  2  3  4 |
---------------+-------------+-----
Fighting       | 4 |  4.2
Maces & Flails | 4 |  4.7
Stealth        | 2 |  2.3
Dodging        | 3 |  3.2
Throwing       | |  0.1

Action                   |  1- 3 |  4- 6 || total
-------------------------+-------+-------++-------
Melee: Mace              |    75 |    42 ||   117
Throw: Stone             |    17 |       ||    17
  Use: Scroll            |     3 |     1 ||     4
 Stab: Sleeping          |     3 |     1 ||     4
  Eat: Chunk             |     1 |     3 ||     4
Armor: Robe              |    18 |    21 ||    39
Dodge: Dodged            |    50 |    47 ||    97
